 Dungeon Crawl Stone Soup version 0.16-a0-4020-g6ff35b5 (webtiles) character file.

65 Charly the Charmwright (level 4, -2/29 HPs)
             Began as a Halfling Skald on Feb 17, 2015.
             Slain by an orc
             ... wielding a +0 club
              (5 damage)
             ... on level 3 of the Dungeon.
             The game lasted 00:07:03 (675 turns).

Charly the Charmwright (Halfling Skald)              Turns: 675, Time: 00:07:03

Health: -2/29      AC:  3    Str: 12    XL:     4   Next: 34%
Magic:  6/6        EV: 14    Int: 12    God:
Gold:   109        SH:  0    Dex: 13    Spells: 1 memorised, 5 levels left

rFire  . . .     SeeInvis .     a - +0 short sword
rCold  . . .     Clarity  .     b - +0 leather armour
rNeg   . . .     SustAb   .     (no shield)
rPois  .         Gourm    .     (no helmet)
rElec  .         Spirit   .     (no cloak)
rCorr  .         Warding  .     (no gloves)
rMut   .         Stasis   .     (no boots)
MR     .....                    (no amulet)
Stlth  +.........               (no ring)
                                (no ring)

@: not resistant to hostile enchantments, very unstealthy
A: mutation resistance 1
a: no special abilities


You were on level 3 of the Dungeon.
You were not hungry.

You visited 1 branch of the dungeon, and saw 3 of its levels.

You collected 109 gold pieces.

Inventory:

Hand weapons
 a - a +0 short sword (weapon)
Armour
 b - a +0 leather armour (worn)
Jewellery
 f - an uncursed ring of fire
Magical devices
 l - a wand of heal wounds (0)
Scrolls
 h - 2 scrolls of noise {unknown}
 i - a scroll of amnesia {unknown}
 k - a scroll of enchant weapon {unknown}
 m - a scroll of teleportation {unknown}
Potions
 g - 2 potions of curing
 n - 2 potions of flight {unknown}
 o - a potion of resistance {unknown}
Books
 c - a book of Battle

   Spells                             Type                      Level
   a - Infusion                       Charms                       1
   b - Shroud of Golubria             Charms/Translocation         2
   c - Song of Slaying                Charms                       2
   d - Spectral Weapon                Hexes/Charms                 3
   e - Regeneration                   Charms/Necromancy            3
Comestibles
 d - a bread ration


   Skills:
 - Level 1.7 Fighting
 + Level 3.5 Short Blades
 - Level 1.1 Armour
 + Level 2.4 Dodging
 - Level 1.5 Spellcasting
 + Level 4.3 Charms


You had 5 spell levels left.
You knew the following spells:

 Your Spells              Type           Power        Failure   Level  Hunger
i - Infusion              Chrm           ##....       8%          1    ##.....


Dungeon Overview and Level Annotations

Branches:
Dungeon (3/15)

Altars:

Annotations:
D:2 Terence
D:3 Sigmund


Innate Abilities, Weirdness & Mutations

You are small and have problems with some larger weapons.
You are somewhat resistant to further mutation.


Message History

You hit the orc priest but do no damage.
The orc priest is almost dead.
The orc priest hits you with a flail.
* * * LOW HITPOINT WARNING * * *
The orc misses you. The orc barely misses you.
Evoke which item? (* to show all) (? for menu, Esc to quit)
Zapping:
l - a wand of heal wounds {zapped: 6} (will waste charges)
Press: ? - help, Shift-Dir - straight line, f - you Nothing appears to happen.
The orc completely misses you. The orc barely misses you.
The orc priest barely misses you. The orc hits you but does no damage.
You completely miss the orc priest.
The orc priest is almost dead.
The orc hits you with a club.
* * * LOW HITPOINT WARNING * * *
The orc closely misses you. The orc priest barely misses you.
You closely miss the orc priest.
The orc priest is almost dead.
The orc hits you with a club.
You die...

##########.r.....w.#>...........
#.............#....#............
#. #...####...#....##..%#####..$
#. #..........#....#..h.# ###...
##.##......###.#....#.o..###.!..)
....)...............#............
#####......###......#.#.h........
#.....(#.#........#.....<.@.$
#...##.#...o@...###..........
######.(.#)ooo..........K....
###(#.........###.......
#...........# #h......
#..)).........# #.......
#..........### #h.h...#
#.<.......... ...h...#
#..........# ... #..........


You could see an orc priest and 3 orcs.

Vanquished Creatures
  An orc priest (D:3)
  A worm (D:3)
  6 orcs (D:3)
  A giant cockroach (D:2)
  7 hobgoblins
  3 jackals
  2 kobolds
  A giant gecko (D:1)
  A giant newt (D:2)
  2 goblins
  2 rats
27 creatures vanquished.

Notes
Turn   | Place    | Note
--------------------------------------------------------------
     0 | D:1      | Charly, the Halfling Skald, began the quest for the Orb.
     0 | D:1      | Reached XP level 1. HP: 14/14 MP: 2/2
    61 | D:1      | Reached XP level 2. HP: 4/19 MP: 0/3
   182 | D:2      | Noticed Terence
   514 | D:3      | Noticed Sigmund
   616 | D:3      | Reached XP level 3. HP: 24/24 MP: 5/5
   623 | D:3      | Reached skill level 4 in Charms
   643 | D:3      | Reached XP level 4. HP: 18/29 MP: 6/6
   675 | D:3      | Slain by an orc

Action                   |  1- 3 |  4- 6 || total
-------------------------+-------+-------++-------
Melee: Short sword       |    99 |    24 ||   123
 Cast: Infusion          |     6 |       ||     6
Evoke: Wand              |       |     2 ||     2
  Use: Scroll            |     3 |       ||     3
       Potion            |     2 |       ||     2
  Eat: Pizza             |     1 |       ||     1
